 Dungeon Crawl Stone Soup version 0.19.1 (webtiles) character file.

303 doubledope the Poker (level 6, 0/58 HPs)
             Began as a Naga Berserker on Dec 3, 2016.
             Was a Believer of Trog.
             Slain by a hound (1 damage)
             ... on level 4 of the Dungeon.
             The game lasted 00:09:36 (2563 turns).

doubledope the Poker (Naga Berserker)               Turns: 2563, Time: 00:09:36

Health: 0/58       AC:  5    Str: 22    XL:     6   Next: 38%
Magic:  2/2        EV: 15    Int: 11    God:    Trog [**....]
Gold:   163        SH:  0    Dex: 15    Spells: 0 memorised, 5 levels left

rFire  . . .     SeeInvis +     j - +2 scythe (antimagic)
rCold  . . .     Gourm    .     k - +1 robe {MR+}
rNeg   . . .     Faith    .     (shield currently unavailable)
rPois  +         Spirit   .     (no helmet)
rElec  .         Reflect  .     o - +0 cloak
rCorr  .         Harm     .     (no gloves)
MR     +....                    (no barding)
Stlth  ++........               (no amulet)
                                (no ring)
                                f - +4 ring of intelligence

@: agile, very slow
A: see invisible, deformed body, poison resistance, slowness 2, slow metabolism
1, spit poison 1, AC +2
a: Spit Poison, Berserk, Trog's Hand, Burn Spellbooks, Renounce Religion


You were on level 4 of the Dungeon.
You worshipped Trog.
Trog was pleased with you.
You were not hungry.

You visited 1 branch of the dungeon, and saw 4 of its levels.

You collected 163 gold pieces.

Inventory:

Hand Weapons
 a - a +0 spear
 j - a +2 antimagic scythe (weapon)
Armour
 b - a +0 animal skin
 h - a +0 leather armour
 k - a +1 robe of magic resistance (worn)
 o - a +0 cloak (worn)
Jewellery
 f - a +4 ring of intelligence (left hand)
 r - an uncursed ring of ice {unknown}
Scrolls
 d - a scroll of enchant armour {unknown}
 i - 4 scrolls of teleportation {unknown}
 l - 2 scrolls of random uselessness {unknown}
 m - 2 scrolls of identify {unknown}
 t - a scroll of recharging {unknown}
Potions
 g - a potion of heal wounds {unknown}
 q - a potion of curing {unknown}
 s - a potion of flight {unknown}
Comestibles
 c - a bread ration
 n - 2 meat rations


   Skills:
 + Level 4.6 Fighting
 + Level 5.1 Polearms
 + Level 2.3 Armour
 + Level 2.2 Dodging


You had 5 spell levels left.
You didn't know any spells.

Dungeon Overview and Level Annotations

Branches:
Dungeon (4/15)
 Temple: D:4-7

Altars:
Gozag

Shops:
D:4 (


Innate Abilities, Weirdness & Mutations

You cannot wear boots.
Your serpentine skin is tough. (AC +2)
You have supernaturally acute eyesight. (SInv)
Armour fits poorly on your strangely shaped body.
Your system is resistant to poisons. (rPois)
You cover ground very slowly.
You have a slow metabolism.
You can spit poison.


Message History

You closely miss the hound. The hound closely misses you.
The orc barely misses you. The hound bites you.
* * * LOW HITPOINT WARNING * * *
The orc hits you with a mace.
* * * LOW HITPOINT WARNING * * *
The hound bites you.
* * * LOW HITPOINT WARNING * * *
You closely miss the orc. The hound bites you.
* * * LOW HITPOINT WARNING * * *
The orc barely misses you. The hound bites you but does no damage.
The orc barely misses you. The hound bites you.
* * * LOW HITPOINT WARNING * * *
It was a potion of agility.
You feel agile all of a sudden. The hound bites you.
* * * LOW HITPOINT WARNING * * *
The orc barely misses you. The hound closely misses you.
It was a potion of magic.
Magic courses through your body. The orc closely misses you.
The hound bites you.
You die...

#...........#......#
#...........+......#
#...........#...>..#
#...........#......#
##......##...#####'##
#§......##...##.....#
#.§.§....+..........#
#§≈.≈≈..##..........#
#§#'#≈..##......@...#
..+∩+...##...##oho..#
.≈#'#≈..####+###'####
.≈≈.≈≈..#...........#
.#§.....#...........#
.#......#...........#
.#......#########...#
##......# ####
#.......#


You could see a hound and 2 orcs.

Vanquished Creatures
  Sigmund (D:3)
  An orc priest (D:4)
  A hound (D:4)
  3 adders
  A howler monkey skeleton (D:4)
  2 leopard geckos (D:4)
  2 giant cockroaches
  7 goblins
  7 hobgoblins
  3 jackals (D:2)
  A kobold (D:1)
  2 quokkas (D:3)
  A ball python (D:4)
  6 bats
  2 frilled lizards
  A jackal skeleton (D:3)
  6 rats
47 creatures vanquished.

Notes
Turn   | Place    | Note
-------+----------+-------------------------------------------
     0 | D:1      | doubledope the Naga Berserker began the quest for the Orb.
     0 | D:1      | Reached XP level 1. HP: 21/21 MP: 1/1
   396 | D:1      | Reached XP level 2. HP: 20/28 MP: 2/2
  1018 | D:2      | You fall through a shaft!
  1075 | D:3      | Reached XP level 3. HP: 29/34 MP: 3/3
  1272 | D:3      | Found an opulent altar of Gozag.
  1304 | D:3      | Noticed Sigmund
  1322 | D:3      | Killed Sigmund
  1322 | D:3      | Reached skill level 4 in Polearms
  1322 | D:3      | Reached XP level 4. HP: 9/44 MP: 0/4
  1322 | D:3      | Reached XP level 5. HP: 11/50 MP: 0/5
  1702 | D:3      | Reached ** piety under Trog
  2262 | D:4      | Reached XP level 6. HP: 55/58 MP: 2/6
  2327 | D:4      | Reached skill level 5 in Polearms
  2513 | D:4      | Found Deiwy's Weapon Boutique.
  2561 | D:4      | HP: 1/58 [hound (3)]
  2563 | D:4      | Slain by a hound

Skill      XL: |  1  2  3  4  5  6 |
---------------+-------------------+-----
Fighting       | 4 |  4.6
Polearms       | 4 5 |  5.1
Armour         | 2 |  2.3
Dodging        | 2 |  2.2

Action                   |  1- 3 |  4- 6 || total
-------------------------+-------+-------++-------
Melee: Spear             |   106 |       ||   106
       Scythe            |       |    50 ||    50
 Abil: Spit Poison       |     1 |       ||     1
  Use: Potion            |       |     2 ||     2
  Eat: Bread ration      |       |     1 ||     1
Armor: Animal skin       |    10 |       ||    10
       Leather armour    |    23 |       ||    23
       Robe              |       |    48 ||    48
Dodge: Dodged            |    81 |    90 ||   171
